 Dungeon Crawl Stone Soup version 0.18-a0-1577-gf591c28 (webtiles) character file.

2315 M4edhros the Covert (level 9, -2/58 HPs)
             Began as an Octopode Artificer on Mar 22, 2016.
             Slain by a hippogriff (7 damage)
             ... on level 8 of the Dungeon.
             The game lasted 00:34:17 (22925 turns).

M4edhros the Covert (Octopode Artificer)           Turns: 22925, Time: 00:34:17

Health: -2/58      AC:  7    Str:  8    XL:     9   Next: 41%
Magic:  11/11      EV: 24    Int: 14    God:    Xom [....*.]
Gold:   281        SH:  0    Dex: 21    Spells: 0 memorised, 8 levels left

rFire  . . .     SeeInvis .     z - +1 short sword (protect)
rCold  . . .     Gourm    .     (no shield)
rNeg   + . .     Faith    .     (helmet restricted)
rPois  .         Spirit   .     (no amulet)
rElec  .         Dismiss  .     H - ring of positive energy
rCorr  .         Reflect  .     I - ring of wizardry
SustAt +         Harm     .     J - ring of sustain attributes
MR     .....     Rnd*Rage +     (no ring)
Stlth  ++++++++..               (no ring)
                                (no ring)
                                (no ring)
                                (no ring)

@: agile, not resistant to hostile enchantments, extraordinarily stealthy
A: almost no armour, amphibious, 8 rings, constrict 8, camouflage 1, berserk 1,
blink, robust 1, shaggy fur 1, weak 1, wild magic 1, gelatinous body 2,
evolution 1
a: Blink, Renounce Religion


You were on level 8 of the Dungeon.
You worshipped Xom.
You were a beloved toy of Xom.
You were hungry.

You visited 2 branches of the dungeon, and saw 9 of its levels.

You collected 281 gold pieces.

Inventory:

Hand Weapons
 x - a +0 hunting sling of venom
 z - a +1 short sword of protection (weapon)
 N - a +1 longbow of freezing
Missiles
 l - 2 throwing nets
 n - 138 stones (quivered)
 o - 64 sling bullets
 B - 8 curare-tipped needles
 M - 18 arrows
Jewellery
 H - a ring of positive energy (left tentacle)
 I - a ring of wizardry (right tentacle)
 J - a ring of sustain attributes (on tentacle)
Wands
 b - a wand of flame (2/48)
 c - a wand of enslavement (9/24)
 d - a wand of random effects (21/48)
 f - a wand of iceblast (7/15)
 h - a wand of polymorph (10/24)
 i - a wand of digging (18/24)
Scrolls
 a - 3 scrolls of identify
 m - a scroll of random uselessness
 p - 4 scrolls of magic mapping
 s - 6 scrolls of remove curse
 t - a scroll of amnesia
 C - 4 scrolls of enchant weapon
 F - 2 scrolls of enchant armour
 G - 2 scrolls of noise
Potions
 e - 3 potions of lignification
 g - a potion of curing
 D - a potion of brilliance
 K - 2 potions of cure mutation
Books
 v - a book of Transfigurations

   Spells                             Type                      Level
   a - Irradiate                      Conjuration/Transmutation    5
   b - Statue Form                    Transmutation/Earth          6
   c - Hydra Form                     Transmutation                6
   d - Dragon Form                    Transmutation                7
Comestibles
 r - 2 slices of pizza
 u - 2 bread rations


   Skills:
 - Level 1.0 Fighting
 - Level 1.0 Short Blades
 + Level 3.7 Slings
 + Level 7.0 Dodging
 * Level 13.0 Stealth
 - Level 3.2 Evocations


You had 8 spell levels left.
You didn't know any spells.

Dungeon Overview and Level Annotations

Branches:
Dungeon (8/15)             Temple (1/1) D:6
   Lair: D:8-11

Altars:
Ashenzari
Cheibriados
Dithmenos
Elyvilon
Fedhas
Kikubaaqudgha
Makhleb
Nemelex Xobeh
Okawaru
Pakellas
Qazlal
Ru
Sif Muna
Trog
Vehumet
Xom
Yredelemnul
The Shining One

Annotations:
D:5 PeterLawrence's ghost, novice GrFi
D:7 Uhlv's ghost, novice GrFi
D:8 Inverse's ghost, novice GrEE


Innate Abilities, Weirdness & Mutations

You cannot wear most types of armour.
You are amphibious.
You can wear up to eight rings at the same time.
You can use your tentacles to constrict eight enemies at once.
Your skin changes colour to match your surroundings (Stealth).
Your pliable body absorbs attacks (AC +1, EV +1).
You tend to lose your temper in combat.
You can translocate small distances at will.
You are robust (+10% HP).
You are covered in fur (AC +1).
You are weak. (Str -2)
Your spells are a little harder to cast, but a little more powerful.
You evolve.


Message History

Your orc's corpse dissolves into shadows!
Your adder closely misses Inverse's ghost.
Your orc warrior hits the hippogriff with a scimitar!!
Inverse's ghost points at you and mumbles some strange words.
The rocky blast hits your adder.
Your adder dies!
Your adder's corpse dissolves into shadows!
You hit the hippogriff but do no damage.
The hippogriff is almost dead.
The hippogriff misses you.
The hippogriff pecks you but does no damage.
The hippogriff closely misses you.
Inverse's ghost points at you and mumbles some strange words.
The rocky blast misses your orc.
You barely miss the hippogriff. Your squeeze misses the hippogriff.
The hippogriff is almost dead.
The hippogriff misses you. The hippogriff completely misses you.
The hippogriff claws you!
You die...
Xom cackles wildly!

.....r.
Y.........#
..Y...<
.........##
...o.>.
.........#
.......
.###.###.#
######. #. #W#
# #[# #o# #o#
##@# #oH# #o##
Z #.# . #z# ...
#.#
.....####o#####
......Yohzz...#
###a.....o..$.#


You could see a hippogriff, 2 wights, Inverse's ghost, 2 orcs, a jackal, a
friendly orc warrior and 2 friendly orcs.

Vanquished Creatures
  A blink frog (D:7)
  Sigmund (D:2)
  Eustachio (D:6)
  Edmund (D:4)
  2 ice beasts
  2 centaurs
  Blork the orc (D:5)
  4 scorpions
  3 killer bees (D:8)
  3 wights (D:7)
  2 howler monkeys
  3 hounds
  An orc priest (D:4)
  4 giant frog skeletons
  4 orc wizards
  Terence (D:3)
  2 iguanas
  7 worker ants
  6 adders
  3 gnolls (D:7)
  2 shadow imps
  An ooze (D:4)
  An adder skeleton (D:6)
  A worm (D:3)
  A dart slug (D:6)
  6 giant geckos
  25 orcs
  A ball python (D:5)
  6 giant cockroaches
  11 goblins
  15 hobgoblins
  2 jackals (D:4)
  3 quokkas
  5 bats
  9 giant newts
  A jackal skeleton (D:5)
  10 kobolds
  A quokka skeleton (D:5)
  3 rats
156 creatures vanquished.

Vanquished Creatures (collateral kills)
  A crimson imp (D:6)
1 creature vanquished.

Vanquished Creatures (others)
  The ghost of M4edhros the Covert, a novice OpAr (D:6)
  A centaur (D:5)
  2 wights
4 creatures vanquished.

Grand Total: 161 creatures vanquished

Notes
Turn   | Place    | Note
--------------------------------------------------------------
     0 | D:1      | M4edhros the Octopode Artificer began the quest for the Orb.
     0 | D:1      | Reached XP level 1. HP: 13/13 MP: 3/3
   183 | D:1      | Reached skill level 2 in Stealth
   292 | D:1      | Reached XP level 2. HP: 16/18 MP: 4/4
   699 | D:2      | Reached skill level 3 in Stealth
   775 | D:2      | Reached XP level 3. HP: 21/23 MP: 5/5
   889 | D:2      | Noticed Sigmund
  1095 | D:2      | Killed Sigmund
  1095 | D:2      | Reached skill level 6 in Stealth
  1095 | D:2      | Reached XP level 4. HP: 14/28 MP: 6/6
  1095 | D:2      | Reached XP level 5. HP: 16/33 MP: 7/7
  1349 | D:3      | Noticed Terence
  1361 | D:3      | Killed Terence
  1361 | D:3      | Reached XP level 6. HP: 21/38 MP: 8/8
  1845 | D:4      | Reached skill level 7 in Stealth
  2341 | D:4      | Reached skill level 8 in Stealth
  2349 | D:4      | Reached XP level 7. HP: 28/43 MP: 9/9
  2554 | D:4      | Found a snail-covered altar of Cheibriados.
  2554 | D:4      | Found a stormy altar of Qazlal.
  2556 | D:4      | Found a glowing golden altar of the Shining One.
  2866 | D:4      | Reached skill level 9 in Stealth
  2878 | D:4      | Noticed Edmund
  2890 | D:4      | Killed Edmund
  2890 | D:4      | Reached skill level 5 in Dodging
  3138 | D:5      | Entered Level 5 of the Dungeon
  3138 | D:5      | Noticed PeterLawrence's ghost (novice GrFi)
  3442 | D:5      | Reached skill level 10 in Stealth
  3449 | D:5      | Reached XP level 8. HP: 43/48 MP: 10/10
  4467 | D:6      | Found a staircase to the Ecumenical Temple.
  4475 | Temple   | Entered the Ecumenical Temple
  4499 | Temple   | Became a worshipper of Xom of Chaos
  4520 | D:6      | Noticed Blork the orc
  4579 | D:5      | XOM: potion effect (haste)
  4612 | D:5      | XOM: potion effect (haste)
  4650 | D:5      | XOM: potion effect (heal wounds)
  4651 | D:5      | XOM: mild Tloc miscast
  4666 | D:5      | XOM: summons friendly quasit
  4667 | D:5      | XOM: cast spell 'Ring of Flames'
  4687 | D:6      | Noticed M4edhros's ghost (novice OpAr)
  4694 | D:6      | Reached skill level 1 in Slings
  4699 | D:6      | Found a shattered altar of Ashenzari.
  4703 | D:6      | XOM: give mutation
  4703 | D:6      | Gained mutation: You are frail (-10% HP). [Xom's mischief]
  4725 | D:6      | Noticed Eustachio
  4840 | D:5      | XOM: summons 2 hostile shadow creatures
  5155 | Temple   | XOM: god gift: scroll labeled RISCHE DANIN
  6848 | Temple   | XOM: harmless Tloc miscast
  7008 | Temple   | XOM: colour smoke trail
  7145 | D:5      | Killed Blork the orc
  7145 | D:5      | Reached skill level 11 in Stealth
  7200 | D:5      | XOM: mild Necr miscast
  7663 | D:5      | XOM: give mutations
  7663 | D:5      | Gained mutation: You tend to lose your temper in combat. [Xom's mischief]
  7663 | D:5      | Gained mutation: You are dopey. (Int -2) [Xom's mischief]
  7663 | D:5      | Gained mutation: Your pliable body absorbs attacks (AC +1, EV +1). [Xom's mischief]
  7663 | D:5      | Gained mutation: You are clumsy. (Dex -2) [Xom's mischief]
  7676 | D:5      | XOM: harmless Tloc miscast
  7712 | Temple   | XOM: divination: detect items
  7864 | Temple   | XOM: harmless Fire miscast
  8011 | Temple   | XOM: god gift: 30 gold pieces
  8404 | D:6      | XOM: summons 4 hostile demons
  8405 | D:6      | Noticed an ice devil
  8405 | D:6      | Noticed an orange demon
  8540 | D:6      | Killed M4edhros's ghost
  8540 | D:6      | XOM: divine lightning (protected)
  8563 | D:6      | Found a shattered altar of Ashenzari.
  8638 | D:6      | XOM: summons 3 hostile shadow creatures
  8848 | D:6      | Noticed a gargoyle
  8875 | D:6      | Killed Eustachio
  9035 | D:6      | XOM: mild Air miscast
  9139 | D:5      | XOM: harmless Divn miscast
  9151 | D:5      | XOM: summons 5 hostile shadow creatures
  9161 | D:5      | XOM: medium Chrm miscast
  9164 | D:5      | XOM: noise
  9165 | D:5      | XOM: smoke on damage
  9166 | D:5      | XOM: give mutation
  9166 | D:5      | Lost mutation: You are dopey. (Int -2) [Xom's mischief]
  9179 | D:5      | XOM: summons 2 hostile shadow creatures
  9405 | D:5      | XOM: enchant monster (bad)
  9414 | D:5      | XOM: smoke on damage
  9463 | D:5      | XOM: swap monsters
  9511 | D:5      | XOM: enchant monster (good)
  9535 | D:5      | XOM: silly message
  9562 | D:5      | XOM: noise
  9579 | D:5      | XOM: summons friendly white imp
  9603 | D:5      | XOM: summons 4 hostile demons
  9608 | D:5      | XOM: silly message
  9672 | D:5      | XOM: blink monster(s)
  9717 | D:5      | XOM: confuse monster(s)
  9731 | D:5      | XOM: enchant monster (good)
  9762 | D:5      | XOM: blink monster(s)
  9763 | D:5      | XOM: silly message
  9764 | D:5      | XOM: cast spell 'Call Canine Familiar'
  9917 | D:5      | XOM: summons friendly crimson imp
 10048 | D:5      | XOM: confuse monster(s)
 10063 | D:5      | XOM: mild Necr miscast
 10083 | D:4      | XOM: potion effect (might)
 10085 | D:4      | XOM: enchant monster (good)
 10186 | D:6      | XOM: polymorph orc -> dart slug
 11263 | Temple   | XOM: god gift: beef jerky
 11617 | Temple   | XOM: give mutations
 11617 | Temple   | Gained mutation: You are resistant to hostile enchantments. [Xom's grace]
 11617 | Temple   | Gained mutation: You are covered in fur (AC +1). [Xom's grace]
 11749 | Temple   | XOM: 3-stop teleportation journey
 12093 | Temple   | XOM: god gift: ring mail {god gift}
 12627 | Temple   | XOM: cast spell 'Summon Butterflies'
 13106 | Temple   | XOM: give mutation
 13106 | Temple   | Gained mutation: You are weak. (Str -2) [Xom's mischief]
 13130 | Temple   | XOM: god gift: long brass wand {god gift}
 13136 | D:6      | XOM: cast spell 'Monstrous Menagerie'
 13306 | D:4      | XOM: mild Pois miscast
 13335 | D:4      | XOM: confuse monster(s)
 13355 | D:4      | XOM: cast spell 'Leda's Liquefaction'
 13417 | D:4      | XOM: summons friendly crimson imp
 13418 | D:5      | XOM: enchant monster (bad)
 13423 | D:5      | XOM: summons 4 friendly demons
 13455 | D:5      | XOM: summons friendly iron imp
 13714 | D:5      | XOM: blink monster(s)
 13716 | D:5      | XOM: noise
 13723 | D:5      | XOM: noise
 13774 | D:5      | XOM: confusion (+ monsters)
 13785 | D:5      | XOM: swap monsters
 13805 | D:5      | XOM: cast spell 'Dispersal'
 13823 | D:5      | XOM: confusion
 13831 | D:5      | XOM: divination: detect creatures
 13833 | D:5      | XOM: divine lightning (protected)
 13846 | D:5      | XOM: mild Tloc miscast
 13869 | D:5      | XOM: summons 2 hostile shadow creatures
 13928 | D:5      | XOM: enchant monster (bad)
 13945 | D:5      | XOM: medium Chrm miscast
 13951 | D:5      | XOM: fog
 13968 | D:5      | XOM: torment (20/43 hp)
 13976 | D:5      | XOM: chaos cloud
 13985 | D:5      | XOM: severe Chrm miscast
 13985 | D:5      | Paralysed by the severe capriciousness of Xom for 4 turns
 13992 | D:5      | XOM: stat loss: -1 Str (8/8)
 13996 | D:5      | XOM: 1-stop teleportation journey
 14272 | D:5      | XOM: summons friendly iron imp
 14276 | D:5      | XOM: harmless Tloc miscast
 14282 | D:5      | XOM: noise
 14298 | D:5      | XOM: harmless Divn miscast
 14327 | D:5      | XOM: blink monster(s)
 14336 | D:5      | XOM: mild Hex miscast
 14342 | D:5      | XOM: summons 7 friendly demons
 14761 | Temple   | XOM: 1-stop teleportation journey
 15058 | Temple   | XOM: divination: magic mapping
 15319 | Temple   | XOM is BORED!
 15319 | Temple   | XOM: medium Fire miscast
 15337 | Temple   | XOM: summons 2 hostile demons
 15669 | Temple   | XOM: divination: detect creatures
 17671 | Temple   | XOM: mild Divn miscast
 17998 | Temple   | XOM is BORED!
 17998 | Temple   | XOM: medium Chrm miscast
 18294 | Temple   | XOM: summons 1 hostile demon
 18964 | Temple   | XOM: harmless Conj miscast
 19308 | Temple   | XOM: 1-stop teleportation journey
 19347 | Temple   | XOM is BORED!
 19347 | Temple   | XOM: mild Necr miscast
 19432 | D:5      | XOM: cast spell 'Summon Small Mammal'
 19449 | D:5      | XOM: potion effect (invisibility)
 19517 | D:5      | XOM: cast spell 'Cause Fear'
 19534 | D:5      | XOM: mild Air miscast
 19544 | D:5      | XOM: confuse monster(s)
 19550 | D:5      | XOM: potion effect (might)
 19561 | D:5      | XOM: enchant monster (good)
 19583 | D:5      | XOM: mild Air miscast
 19594 | D:5      | XOM: potion effect (curing)
 19598 | D:5      | XOM: confuse monster(s)
 19600 | D:5      | XOM: harmless Air miscast
 19626 | D:5      | XOM: enchant monster (good)
 19653 | D:5      | XOM: cast spell 'Summon Small Mammal'
 19685 | D:5      | XOM: potion effect (might)
 19708 | D:5      | XOM: cast spell 'Summon Ice Beast'
 19711 | D:5      | XOM: confuse monster(s)
 19733 | D:5      | XOM: destruction
 19737 | D:5      | XOM: summons friendly ufetubus
 19743 | D:5      | XOM: potion effect (might)
 19789 | D:6      | XOM: chaos cloud
 19796 | D:6      | XOM is BORED!
 19796 | D:6      | XOM: give mutations
 19796 | D:6      | Gained mutation: You evolve. [Xom's mischief]
 19796 | D:6      | Gained mutation: You are very weak. (Str -4) [Xom's mischief]
 19796 | D:6      | Lost mutation: You are resistant to hostile enchantments. [Xom's mischief]
 19796 | D:6      | Gained mutation: You are very clumsy. (Dex -4) [Xom's mischief]
 20015 | Temple   | XOM: colour smoke trail
 20150 | Temple   | XOM: give mutation
 20150 | Temple   | Lost mutation: You are very clumsy. (Dex -4) [Xom's grace]
 20173 | Temple   | XOM: god gift: scroll of enchant armour
 21063 | Temple   | XOM: give mutations
 21063 | Temple   | Gained mutation: Your spells are a little harder to cast, but a little more powerful. [Xom's grace]
 21063 | Temple   | Lost mutation: You are very weak. (Str -4) [Xom's grace]
 21361 | D:5      | XOM: vitrification
 21376 | D:6      | XOM: give mutation
 21376 | D:6      | Lost mutation: You are clumsy. (Dex -2) [Xom's mischief]
 21442 | D:6      | XOM: vitrification
 21496 | D:7      | Noticed Uhlv's ghost (novice GrFi)
 21612 | D:7      | Reached skill level 12 in Stealth
 21679 | D:7      | Reached XP level 9. HP: 47/47 MP: 11/11
 21681 | D:7      | XOM: medium Conj miscast
 21684 | D:7      | XOM: mild Pois miscast
 21708 | D:7      | XOM: destruction
 22157 | D:7      | XOM: polymorph hippogriff -> blink frog
 22160 | D:7      | XOM: cast spell 'Excruciating Wounds'
 22162 | D:7      | XOM: 1-stop teleportation journey
 22278 | D:7      | XOM: divination: detect items
 22316 | D:7      | XOM: summons 6 friendly demons
 22317 | D:7      | XOM: enchant monster (good)
 22350 | D:7      | XOM: enchant monster (good)
 22354 | D:7      | XOM: butterfly on damage
 22495 | D:7      | Found a radiant altar of Vehumet.
 22616 | D:7      | Found a burning altar of Makhleb.
 22776 | D:8      | Noticed Inverse's ghost (novice GrEE)
 22903 | D:8      | Reached skill level 13 in Stealth
 22909 | D:8      | XOM: summons friendly shadow imp
 22910 | D:8      | Lost mutation: You are frail (-10% HP). [potion of mutation]
 22910 | D:8      | Gained mutation: You are robust (+10% HP). [potion of mutation]
 22914 | D:8      | Gained mutation: You can translocate small distances at will. [potion of beneficial mutation]
 22916 | D:8      | XOM: divination: detect creatures
 22922 | D:8      | XOM: swap monsters
 22925 | D:8      | Slain by a hippogriff

Vault maps used:
D:1:      scummos_arrival_hexagon
D:2:      uniq_sigmund
D:3:      first_bread, uniq_terence
D:4:      gammafunk_temple_overflow_forgotten, uniq_edmund
D:6:      minmay_temple_entry_grid, basic_altar, evilmike_ruin_ashenzari,
          uniq_eustachio, uniq_blork_the_orc
D:7:      corexii_shantytown, kennysheep_mini, lemuel_coloured_pillars_altar
D:8:      uniq_erolcha
Temple:   circular_temple_12

Skill      XL: |  1  2  3  4  5  6  7  8  9 |
---------------+----------------------------+-----
Stealth        | 2 3 6 8 10 12 13 | 13.0
Dodging        | 3 4 5 6 7 |  7.0
Slings         | 2 3 |  3.7
Fighting       | |  1.0
Short Blades   | |  1.0
Evocations     | |  3.2

Action                   |  1- 3 |  4- 6 |  7- 9 || total
-------------------------+-------+-------+-------++-------
Melee: Short sword       |    43 |    66 |   307 ||   416
       Unarmed           |     1 |       |       ||     1
 Fire: Longbow           |       |       |     2 ||     2
Evoke: Wand              |     1 |     4 |    27 ||    32
  Use: Potion            |     4 |       |    13 ||    17
       Scroll            |       |       |    14 ||    14
 Stab: Sleeping          |    11 |     7 |    38 ||    56
       Distracted        |     1 |       |     5 ||     6
       Invisible         |       |       |     1 ||     1
  Eat: Chunk             |       |     4 |    24 ||    28
       Beef jerky        |       |       |     4 ||     4
       Meat ration       |       |       |     3 ||     3
       Bread ration      |       |       |     3 ||     3
       Pizza             |       |       |     2 ||     2
       Royal jelly       |       |       |     1 ||     1
